 Dungeon Crawl Stone Soup version 0.27-a0-1347-gd8886f0a89 (webtiles) character file.

Game seed: 9158491926167444213

17336 pokeman the Eclecticist (level 12, -6/66 HPs)
             Began as a Deep Elf Hedge Wizard on June 26, 2021.
             Was a Believer of Vehumet.
             Mangled by a troll (10 damage)
             ... on level 12 of the Dungeon on June 27, 2021.
             The game lasted 00:53:35 (18154 turns).

pokeman the Eclecticist (Deep Elf Hedge Wizard)    Turns: 18154, Time: 00:53:36

Health: -6/66      AC: 11    Str:  7    XL:     12   Next: 18%
Magic:  33/34      EV: 15    Int: 31    God:    Vehumet [**....]
Gold:   1022       SH:  5    Dex: 14    Spells: 31/43 levels left

rFire    + . .     SeeInvis .   S - staff of fire
rCold    . . .     Faith    .   E - +0 buckler
rNeg     . . .     Spirit   .   T - +0 acid dragon scales
rPois    .         Reflect  .   R - +0 helmet
rElec    .         Harm     .   D - +0 cloak
rCorr    +         Rampage  .   G - +0 pair of gloves
Will     +....                  L - +0 pair of boots
Stlth    ++........             (no amulet)
HPRegen  0.21/turn              h - +4 ring of evasion
MPRegen  0.24/turn              z - +6 ring of intelligence

@: studying Staves
A: no striking features
a: Renounce Religion


You were on level 12 of the Dungeon.
You worshipped Vehumet.
Vehumet was pleased with you.
You visited 2 branches of the dungeon, and saw 13 of its levels.

You collected 1022 gold pieces.

Inventory:

Hand Weapons
 g - a +4 dagger of chaos
 U - a +1 shortbow of flaming
 Y - a +2 dagger of flaming
Missiles
 e - 139 bolts
 j - 12 curare-tipped darts
 n - 356 arrows
Armour
 c - a +1 robe of fire resistance
 C - a +0 troll leather armour
 D - a +0 cloak (worn)
 E - a +0 buckler (worn)
 G - a +0 pair of gloves (worn)
 L - a +0 pair of boots (worn)
 R - a +0 helmet (worn)
 T - +0 acid dragon scales (worn)
Magical Staves
 q - a staff of earth
 H - a staff of death
 S - a staff of fire (weapon)
 V - a staff of conjuration
Jewellery
 h - a +4 ring of evasion (left hand)
 z - a +6 ring of intelligence (right hand)
 X - a +4 ring of evasion
Wands
 a - a wand of iceblast (33)
 A - a wand of flame (29)
 J - a wand of acid (13)
 O - a wand of charming (7)
Scrolls
 b - 10 scrolls of identify {unknown}
 d - a scroll of blinking {unknown}
 l - 4 scrolls of enchant weapon {unknown}
 p - a scroll of brand weapon {unknown}
 r - 2 scrolls of teleportation {unknown}
 t - a scroll of fear {unknown}
 u - a scroll of fog {unknown}
 w - 3 scrolls of amnesia {unknown}
 x - a scroll of acquirement {unknown}
 y - 4 scrolls of noise {unknown}
 B - 3 scrolls of magic mapping {unknown}
 I - 4 scrolls of holy word {unknown}
 M - 2 scrolls of enchant armour {unknown}
 Q - a scroll of vulnerability {unknown}
 W - a scroll of immolation {unknown}
Potions
 f - a potion of invisibility
 i - 2 potions of curing {unknown}
 k - 3 potions of heal wounds {unknown}
 m - a potion of haste {unknown}
 o - a potion of ambrosia {unknown}
 s - 2 potions of might {unknown}
 v - a potion of brilliance {unknown}
 F - 5 potions of degeneration {unknown}
 K - a potion of berserk rage {unknown}
 N - a potion of resistance {unknown}
 P - 2 potions of cancellation {unknown}


   Skills:
 + Level 4.2 Fighting
 - Level 4.0 Armour
 - Level 3.0 Dodging
 - Level 3.0 Stealth
 - Level 4.0 Shields
 * Level 16.1 Spellcasting
 + Level 9.9 Conjurations
 - Level 1.1 Summonings
 - Level 1.1 Translocations
 + Level 9.3 Fire Magic
 - Level 1.0 Air Magic
 - Level 1.2 Poison Magic
 - Level 2.1 Evocations


You had 31 spell levels left.
You knew the following spells:

 Your Spells              Type           Power      Damage    Failure   Level
a - Magic Dart            Conj           100%       1d8       1%          1
b - Mephitic Cloud        Conj/Pois/Air  50%        N/A       1%          3
c - Call Imp              Summ           31%        N/A       3%          2
d - Blink                 Tloc           N/A        N/A       3%          2
e - Conjure Flame         Conj/Fire      91%        6-21      1%          3
f - Foxfire               Conj/Fire      100%       2x1d9     1%          1

Your spell library contained the following spells:

 Spells                   Type           Power      Damage    Failure   Level
 Static Discharge         Conj/Air       56%        N/A       1%          2
 Summon Small Mammal      Summ           100%       N/A       1%          1
 Dazzling Flash           Conj/Hex       100%       N/A       1%          3
 Beastly Appendage        Tmut           48%        N/A       3%          1
 Corona                   Hex            26%        N/A       3%          1
 Ensorcelled Hibernation  Hex/Ice        48%        N/A       4%          2
 Slow                     Hex            24%        N/A       4%          2
 Wereblood                Tmut           24%        N/A       4%          2
 Call Canine Familiar     Summ           31%        N/A       6%          3
 Spider Form              Tmut/Pois      14%        N/A       8%          3
 Summon Guardian Golem    Hex/Summ       28%        N/A       8%          3
 Confusing Touch          Hex            24%        N/A       10%         3
 Tukima's Dance           Hex            24%        N/A       10%         3
 Summon Lightning Spire   Summ/Air       31%        N/A       21%         4
 Summon Ice Beast         Ice/Summ       28%        N/A       26%         4
 Ice Form                 Ice/Tmut       24%        N/A       30%         4


Dungeon Overview and Level Annotations

Branches:
Dungeon (12/15)            Temple (1/1) D:4            Lair (0/6) D:11
    Orc (0/2) D:10

Altars:
Ashenzari
Cheibriados
Dithmenos
Elyvilon
Fedhas
Gozag
Hepliaklqana
Kikubaaqudgha
Makhleb
Nemelex Xobeh
Okawaru
Qazlal
Ru
Sif Muna
Trog
Uskayaw
Vehumet
Wu Jian
Xom
Yredelemnul
Zin
The Shining One

Shops:
D:6 *

Annotations:
D:10 3 runed translucent doors, tasumai's ghost, journeyman GrBe


Message History

Found an escape hatch in the floor.
Found a dagger.
What are your orders? t - Shout!
Orders for allies: a - Attack new target. r - Retreat! s - Stop attacking. g - Guard the area. f - Follow me.
Anything else - Cancel.
You shout for attention!
The cyclops shouts!
A two-headed ogre comes into view.
It is wielding a +0 giant spiked club and a +0 giant club.
The cyclops throws a large rock.
The large rock hits you!!
A troll comes into view.
The cyclops throws a large rock.
The large rock hits you!!
* * * LOW HITPOINT WARNING * * *
Something hits you but does no damage.
Deactivating autopickup; reactivate with Ctrl-A.
Something hits you.
* * * LOW HITPOINT WARNING * * *
Casting: Mephitic Cloud (safe; 1% risk of failure)
Confirm with . or Enter, or press ? or * to list all spells.
Aiming: Mephitic Cloud (safe; 1% risk of failure)
Press: ? - help, Shift-Dir - straight line That beam is likely to hit you.
Continue anyway?
The ball explodes into a vile cloud!
The stinking cloud engulfs you but does no damage.
You are engulfed in noxious fumes.
You choke on the stench!
You are confused.
Something hits you.
* * * LOW HITPOINT WARNING * * *
Something closely misses you.
You feel less confused.
The two-headed ogre is engulfed in noxious fumes.
The two-headed ogre appears confused.
The two-headed ogre is engulfed in noxious fumes.
The two-headed ogre appears confused.
You hit something. You burn something! Something hits you but does no damage.
You barely miss something. You block something's attack. Something hits you.
* * * LOW HITPOINT WARNING * * *
The troll barely misses you. The troll closely misses you. The troll claws you!
You die...

......#..............# .....
#..O...........#########
......#..............#.....†..
......C...................####
...)...................##.# #
................#####..##.# #
.......##.......#####..##.# #
...≈≈............>......#.####
........#...#.......#
#..####.# ...... #########
#..#.......# ≈≈≈...
#.......).## ≈.. ##.###.##.##
...#..)# #######)# #.) ###


You could see a two-headed ogre (confused), a cyclops and a troll.

Vanquished Creatures
  Snorg (D:11)
  A hydra (D:11)
  An ogre mage (D:12)
  Erica (D:9)
  4 two-headed ogres
  A harpy (shapeshifter) (D:10)
  6 centaur zombies
  Maggie (D:9)
  A gargoyle (D:11)
  Psyche (D:10)
  A freezing wraith (D:11)
  A kobold demonologist (D:9)
  5 trolls
  A shadow (D:10)
  24 yaks
  2 vampire mosquitoes (D:10)
  2 steam dragons
  Grum (D:8)
  An acid dragon (D:8)
  3 water moccasins
  An orc warrior (D:6)
  A sky beast (D:7)
  2 necrophages
  3 ogres
  2 black bears
  A hornet zombie (D:6)
  2 wolves (D:8)
  6 centaurs
  A phantom (D:5)
  The ghost of dinky3 the Covert, an amateur SpDe of Ashenzari (D:6)
  6 kobold brigands
  A gnoll sergeant (D:10)
  2 bullfrogs (D:8)
  A scorpion (D:6)
  A water moccasin zombie (D:4)
  9 killer bees
  10 wights
  An electric eel (D:6)
  A howler monkey (D:8)
  A spectral centaur (D:6)
  A bullfrog zombie (D:7)
  2 hounds (D:6)
  A centaur skeleton (D:6)
  An orc priest (D:6)
  A jelly (D:4)
  A gnoll shaman (D:8)
  3 bullfrog skeletons
  4 iguanas (D:6)
  6 orc wizards (D:8)
  A howler monkey zombie (D:10)
  3 adders
  7 gnolls
  2 shadow imps
  2 white imps (D:7)
  An ufetubus (D:6)
  2 adder skeletons (D:4)
  3 worms
  4 dart slugs
  14 orcs
  4 ball pythons
  12 endoplasms
  2 giant cockroaches
  6 hobgoblins
  5 jackals
  2 quokkas
  A bat (D:1)
  2 frilled lizards
  8 goblins
  24 kobolds
  A rat (D:2)
238 creatures vanquished.

Vanquished Creatures (collateral kills)
  An orc priest (D:5)
  An orc (D:2)
2 creatures vanquished.

Vanquished Creatures (others)
  305 foxfires
  4 plants (D:12)
309 creatures vanquished.

Grand Total: 549 creatures vanquished

Notes
Turn   | Place    | Note
-------+----------+-------------------------------------------
     0 | D:1      | pokeman the Deep Elf Hedge Wizard began the quest for the
                  | Orb.
     0 | D:1      | Reached XP level 1. HP: 10/10 MP: 7/7
   577 | D:1      | Reached XP level 2. HP: 16/16 MP: 6/9
   655 | D:1      | Found a faded altar of an unknown god.
   901 | D:2      | Found an ornate altar of the Wu Jian Council.
  1395 | D:2      | Reached skill level 5 in Spellcasting
  1538 | D:2      | Reached XP level 3. HP: 20/20 MP: 7/11
  1542 | D:2      | Learned a level 3 spell: Mephitic Cloud
  1545 | D:2      | Learned a level 2 spell: Call Imp
  1548 | D:2      | Learned a level 2 spell: Blink
  1552 | D:2      | Learned a level 3 spell: Conjure Flame
  2092 | D:2      | Reached skill level 1 in Fighting
  2605 | D:3      | Reached skill level 1 in Armour
  2674 | D:3      | Found a sparkling altar of Nemelex Xobeh.
  3265 | D:3      | Reached XP level 4. HP: 25/25 MP: 7/13
  3850 | D:4      | Noticed a black bear
  4032 | D:4      | Found a shimmering altar of Xom.
  4118 | D:4      | Reached skill level 1 in Fire Magic
  4163 | D:4      | Reached skill level 6 in Spellcasting
  4211 | D:4      | Killed a black bear
  4212 | D:4      | Reached XP level 5. HP: 18/29 MP: 12/15
  4349 | D:4      | Reached skill level 1 in Shields
  4349 | D:4      | Reached XP level 6. HP: 19/34 MP: 13/17
  4882 | D:4      | Found a burning altar of Makhleb.
  4882 | D:4      | Found a sacrificial altar of Ru.
  4883 | D:4      | Found a bloodstained altar of Trog.
  4981 | D:4      | Found a shadowy altar of Dithmenos.
  5101 | D:4      | Found a basalt altar of Yredelemnul.
  5103 | D:4      | Found a hazy altar of Hepliaklqana.
  5113 | D:4      | Found a glowing golden altar of the Shining One.
  5276 | D:4      | Found a staircase to the Ecumenical Temple.
  5285 | Temple   | Entered the Ecumenical Temple
  5625 | D:5      | Entered Level 5 of the Dungeon
  5679 | D:5      | Noticed a water moccasin
  5694 | D:5      | Killed a water moccasin
  5695 | D:5      | Reached skill level 7 in Spellcasting
  5695 | D:5      | Reached skill level 1 in Air Magic
  5695 | D:5      | Reached skill level 1 in Evocations
  5876 | D:5      | Reached skill level 1 in Poison Magic
  5876 | D:5      | Reached XP level 7. HP: 17/38 MP: 17/20
  6220 | D:5      | Reached skill level 8 in Spellcasting
  7006 | D:5      | Reached skill level 9 in Spellcasting
  7006 | D:5      | Reached XP level 8. HP: 44/44 MP: 13/23
  7351 | D:6      | Found Otasch's Assorted Antiques.
  7455 | D:6      | Reached skill level 5 in Conjurations
  7536 | D:6      | Noticed a troll
  7575 | D:6      | Killed a troll
  7576 | D:6      | Reached skill level 10 in Spellcasting
  7757 | D:6      | Found an opulent altar of Gozag.
  8245 | D:6      | Reached XP level 9. HP: 48/48 MP: 15/25
  8808 | D:6      | Found a runed translucent gate.
  8810 | D:6      | Found a runed translucent gate.
  8811 | D:6      | Found a runed translucent gate.
  8814 | D:6      | Noticed dinky3's ghost (amateur SpDe)
  9026 | D:6      | Reached skill level 11 in Spellcasting
  9033 | D:6      | Killed dinky3's ghost
  9329 | D:7      | Reached skill level 5 in Fire Magic
 10598 | D:8      | Noticed Grum
 10611 | D:8      | Killed Grum
 10612 | D:8      | Reached skill level 12 in Spellcasting
 10831 | D:8      | Reached XP level 10. HP: 44/53 MP: 21/28
 11137 | D:8      | Found a radiant altar of Vehumet.
 11147 | D:8      | Became a worshipper of Vehumet
 11182 | D:8      | Found an ancient bone altar of Kikubaaqudgha.
 11336 | D:8      | Found a shimmering blue altar of Sif Muna.
 11341 | D:8      | Identified Sif Muna's Collected Works on Calling
 12501 | D:8      | Noticed a two-headed ogre
 12511 | D:8      | Killed a two-headed ogre
 12512 | D:8      | Reached skill level 13 in Spellcasting
 12897 | D:9      | Noticed Maggie
 13572 | D:9      | Killed Maggie
 13593 | D:9      | Noticed a soul eater
 13858 | D:9      | HP: 1/53 [yak (9)]
 14180 | D:9      | Reached * piety under Vehumet
 14180 | D:9      | Offered knowledge of Foxfire by Vehumet.
 14183 | D:9      | Learned a level 1 spell: Foxfire
 14289 | D:9      | Noticed Erica
 14497 | D:9      | Killed Erica
 14498 | D:9      | Reached skill level 14 in Spellcasting
 14498 | D:9      | Reached XP level 11. HP: 11/57 MP: 17/31
 15110 | D:10     | Entered Level 10 of the Dungeon
 15152 | D:10     | Noticed Psyche
 15161 | D:10     | Killed Psyche
 15647 | D:10     | Found a staircase to the Orcish Mines.
 15988 | D:10     | Found a runed translucent gate.
 15988 | D:10     | Found a runed translucent gate.
 15988 | D:10     | Found a runed translucent gate.
 15995 | D:10     | Noticed tasumai's ghost (journeyman GrBe)
 16496 | D:11     | Found a staircase to the Lair.
 16540 | D:11     | Noticed a four-headed hydra
 16542 | D:11     | Noticed a two-headed ogre
 16581 | D:11     | Found Juwnuexu's Armour Emporium.
 16610 | D:11     | Noticed Snorg
 16820 | D:11     | Killed a four-headed hydra
 16821 | D:11     | Reached skill level 15 in Spellcasting
 16836 | D:11     | Killed a two-headed ogre
 16890 | D:11     | Noticed a harpy
 16914 | D:10     | Killed a harpy
 16918 | D:10     | Offered knowledge of Static Discharge by Vehumet.
 17143 | D:10     | Upgraded the game from 0.27-a0-1334-g2746e35aca to
                  | 0.27-a0-1347-gd8886f0a89
 17352 | D:11     | Killed Snorg
 17352 | D:11     | Reached ** piety under Vehumet
 17784 | D:12     | Noticed a two-headed ogre
 17784 | D:12     | Noticed a two-headed ogre
 17784 | D:12     | Noticed an ogre mage
 17794 | D:12     | Killed a two-headed ogre
 17802 | D:12     | Killed an ogre mage
 17803 | D:12     | Reached XP level 12. HP: 66/66 MP: 22/33
 17810 | D:12     | Killed a two-headed ogre
 17867 | D:12     | Reached skill level 16 in Spellcasting
 18141 | D:12     | Noticed a two-headed ogre
 18154 | D:12     | Mangled by a troll

Illustrated notes

Levels and vault maps discovered:
D:1:      lemuel_arrival_funnel, layout_loops_ring,
          ebering_ecumenical_altar_hall
D:2:      layout_basic, basic_altar, minmay_pentomino_x2
D:3:      layout_rooms, nemelex_altar_shiori, minmay_puff
D:4:      layout_rooms, gammafunk_temple_overflow_forgotten,
          nicolae_overflow_hidden_temple, kennysheep_mini_moat,
          grunt_temple_overflow_diamond, temple_hall
D:5:      layout_basic
D:6:      layout_basic, lemuel_crystal_altar, serial_shops, shop_coins,
          gammafunk_ghost_necromancy, hangedman_abyss_or_decor_lesser_grid,
          minivault_14
D:7:      layout_gridville
D:8:      layout_basic, palyth_temple_overflow_mages, minmay_misc_feat_rugged,
          uniq_grum
D:9:      layout_cave_pools, minmay_fountain_box, uniq_maggie, uniq_erica
D:10:     layout_layer_cave, orc_0_dummy, gammafunk_ghost_spectres, uniq_psyche
D:11:     layout_rooms, lair_entry_dummy, serial_shops, shop_coins, uniq_snorg
D:12:     regret_index_wax_grids, layout_basic, nrook_loot_triangle,
          minivault_16
Temple:   compressed_dpeg_triangle_lava_temple

Skill      XL: |  1  2  3  4  5  6  7  8  9 10 11 12 |
---------------+-------------------------------------+-----
Spellcasting   | 5 6 7 9 10 12 14 15 16 | 16.1
Fighting       | 1 2 3 4 |  4.2
Armour         | 1 2 3 4 |  4.0
Conjurations   | 2 3 4 5 7 8 9 |  9.9
Dodging        | 3 |  3.0
Fire Magic     | 1 2 4 6 7 9 |  9.3
Stealth        | 3 |  3.0
Shields        | 1 3 4 |  4.0
Air Magic      | 1 |  1.0
Evocations     | 2 |  2.1
Poison Magic   | 1 |  1.2
Summonings     | |  1.1
Translocations | |  1.1

Action                   |  1- 3 |  4- 6 |  7- 9 | 10-12 || total
-------------------------+-------+-------+-------+-------++-------
Melee: Dagger            |     4 |       |       |       ||     4
       Staff             |    16 |    11 |    60 |    86 ||   173
 Fire: Shortbow          |       |       |       |    40 ||    40
 Cast: Magic Dart        |   134 |    89 |   156 |   121 ||   500
       Mephitic Cloud    |     1 |     2 |    20 |    47 ||    70
       Call Imp          |     1 |       |    13 |    11 ||    25
       Conjure Flame     |       |     5 |    25 |    68 ||    98
       Blink             |       |       |     1 |    13 ||    14
       Foxfire           |       |       |       |   169 ||   169
Evoke: Wand              |       |       |       |     6 ||     6
 Stab: Confused          |     2 |       |     3 |     1 ||     6
       Sleeping          |       |       |     1 |       ||     1
Armor: Leather armour    |    13 |     5 |    27 |    22 ||    67
       Acid dragon scale |       |       |       |    31 ||    31
Dodge: Dodged            |    47 |    38 |    78 |   125 ||   288
Block: Buckler           |       |       |       |    31 ||    31

Table legend: (Time is in decaauts)
 A = Elapsed time spent in this place.
 B = Non-inter-level travel time spent in this place.
 C = Inter-level travel time spent in this place.
 D = Time resting spent in this place.
 E = Time spent auto-exploring this place.
 F = Levels seen in this place.
 G = Mean time per level.
                   A        B        C        D        E       F      G
               +--------+--------+--------+--------+--------+-----+--------+
         Total |  18225 |  17490 |    735 |   2228 |  12518 |  13 | 1401.9 |
       Dungeon |  17991 |  17269 |    722 |   2228 |  12299 |  12 | 1499.2 |
        Temple |    233 |    220 |     13 |      0 |    219 |   1 |  233.0 |
               +--------+--------+--------+--------+--------+-----+--------+

Top non-repeatable levels by time:
     D:8: 3487 daAuts
     D:2: 2137 daAuts
     D:6: 1869 daAuts
    D:10: 1741 daAuts
     D:5: 1717 daAuts
     D:4: 1531 daAuts
     D:9: 1373 daAuts
     D:7: 1079 daAuts
    D:11: 928 daAuts
     D:1: 875 daAuts
     D:3: 866 daAuts
    D:12: 385 daAuts
  Temple: 233 daAuts
